 Dungeon Crawl Stone Soup version 0.25.0-9-g26727b657a (webtiles) character file.

Game seed: 8603193378550758109

289 lepoulpe303 the Ruffian (level 6, -3/61 HPs)
             Began as a Troll Monk on June 21, 2020.
             Slain by a wight
             ... wielding a +0 flail
              (11 damage)
             ... on level 4 of the Dungeon.
             The game lasted 00:07:15 (2537 turns).

lepoulpe303 the Ruffian (Troll Monk)                Turns: 2537, Time: 00:07:15

Health: -3/61      AC:  6    Str: 22    XL:     6   Next: 9%
Magic:  5/5        EV: 10    Int:  6    God:
Gold:   231        SH:  0    Dex: 12    Spells: 5/5 levels left

rFire    . . .     SeeInvis .     - Unarmed
rCold    . . .     Gourm    +   (no shield)
rNeg     . . .     Faith    .   a - +0 robe
rPois    .         Spirit   .   (helmet restricted)
rElec    .         Reflect  .   (no cloak)
rCorr    .         Harm     .   (gloves unavailable)
MR       .....                  (boots unavailable)
Stlth    +.........             (no amulet)
HPRegen  0.60/turn              (no ring)
MPRegen  0.09/turn              (no ring)

@: drained
A: large, unfitting armour, claws 3, fast metabolism 3, gourmand, regeneration
1, shaggy fur 1, tough skin 3
a: no special abilities


You were on level 4 of the Dungeon.
You were completely stuffed.

You visited 1 branch of the dungeon, and saw 4 of its levels.

You collected 231 gold pieces.

Inventory:

Missiles
 k - 24 poisoned darts
 o - 2 boomerangs (quivered)
Armour
 a - a +0 robe (worn)
Jewellery
 s - an uncursed ring of magical power {unknown}
 t - an uncursed amulet of the acrobat {unknown}
Scrolls
 b - a scroll of immolation {unknown}
 c - 3 scrolls of identify {unknown}
 f - 3 scrolls of remove curse {unknown}
 h - 2 scrolls of enchant armour {unknown}
 l - a scroll of teleportation {unknown}
 p - a scroll of fear {unknown}
 q - a scroll of amnesia {unknown}
Potions
 d - a potion of lignification {unknown}
 g - a potion of mutation {unknown}
 i - 3 potions of curing {unknown}
 j - 2 potions of heal wounds {unknown}
 m - a potion of berserk rage {unknown}
 n - a potion of haste {unknown}
 r - a potion of might {unknown}
Comestibles
 e - 8 rations
 u - 3 chunks of flesh


   Skills:
 + Level 3.3(2.3) Fighting
 + Level 2.2(1.2) Throwing
 + Level 3.3(2.3) Dodging
 - Level 1.0(0.1) Stealth
 * Level 4.9(3.8) Unarmed Combat


You had 5 spell levels left.
You didn't know any spells.
Your spell library was empty.

Dungeon Overview and Level Annotations

Branches:
Dungeon (4/15)
 Temple: D:4-7

Altars:
Dithmenos
Elyvilon
Sif Muna
The Shining One


Innate Abilities, Weirdness & Mutations

You are too large for most types of armour.
You have claws for hands.
Your metabolism is lightning-fast.
You like to eat raw meat.
Your natural rate of healing is unusually fast.
You are covered in fur. (AC +1)
You have extremely tough skin. (AC +3)


Message History

* * * LOW HITPOINT WARNING * * *
You feel drained.
* * * LOW HITPOINT WARNING * * *
You take 4 damage, and have 25/61 hp.
You scratch the wight but do no damage. The wight barely misses you.
The wight hits you with a +0 flail.
* * * LOW HITPOINT WARNING * * *
You feel drained.
* * * LOW HITPOINT WARNING * * *
You take 8 damage, and have 17/61 hp.
You closely miss the wight. The wight barely misses you.
The wight hits you with a +2 dire flail of freezing.
* * * LOW HITPOINT WARNING * * *
You feel drained.
* * * LOW HITPOINT WARNING * * *
The wight freezes you.
* * * LOW HITPOINT WARNING * * *
You take 10 damage, and have 7/61 hp.
You completely miss the wight. The wight hits you with a +0 flail!
You die...

######.... ####### #....
#.....# #.... #.....#
#.... #.....# #....
#.....# ####.
..#######.....# #.
.......z......♣#♣#♣#♣#♣#♣
#z@................
#......#♣#♣#♣#♣#♣#♣
#......# #<# #......# #.#
. ##......######.# #.
#....####......# ♣.
#....+.........♣♣♣♣.
#....####.....#♣♣PP.
###### #.....♣♣PP..


You could see 2 wights.

Levels and vault maps discovered:
D:1:      tarquinn_simple_flora_water_c, layout_basic
D:2:      layout_basic, nicolae_dithmenos_shadow_blocks,
          gammafunk_temple_overflow_elements, led_sif_pool
D:3:      layout_loops_ring, first_ration, minmay_misc_feat_secret_circle,
          minmay_statues_item, minmay_misc_feat_tower
D:4:      layout_basic, serial_forest, infiniplex_forest_clump_cross,
          infiniplex_forest_fountain, infiniplex_forest_clump_long,
          infiniplex_forest_end_1, infiniplex_forest_lined_3,
          infiniplex_forest_lined_room_, infiniplex_forest_straight_2,
          infiniplex_forest_clump_C, infiniplex_forest_end_1

Notes
Turn   | Place    | Note
-------+----------+-------------------------------------------
     0 | D:1      | lepoulpe303 the Troll Monk began the quest for the Orb.
     0 | D:1      | Reached XP level 1. HP: 22/22 MP: 0/0
    12 | D:1      | Identified a +0 short sword
   117 | D:1      | Identified a +0 club
   124 | D:1      | Reached XP level 2. HP: 29/29 MP: 1/1
   162 | D:1      | Identified a +0 club
   362 | D:1      | Identified a +0 club
   362 | D:1      | Identified a +0 dagger
   495 | D:1      | Identified a +0 club
   584 | D:2      | Identified a +0 club
   597 | D:2      | Reached XP level 3. HP: 36/36 MP: 2/2
   680 | D:2      | Found a shadowy altar of Dithmenos.
   694 | D:2      | Reached skill level 1 in Throwing
   721 | D:2      | Identified a +0 club
   788 | D:2      | Identified a +0 club
   836 | D:2      | Found a shimmering blue altar of Sif Muna.
  1013 | D:2      | Found a white marble altar of Elyvilon.
  1013 | D:2      | Found a glowing golden altar of the Shining One.
  1201 | D:2      | Identified a +0 short sword of electrocution
  1436 | D:3      | Reached XP level 4. HP: 40/44 MP: 3/3
  1460 | D:3      | Identified a +0 club
  1468 | D:3      | Identified a +2 dagger of venom
  1468 | D:3      | Identified a +0 scale mail
  1515 | D:3      | Identified a +0 mace
  1515 | D:3      | Identified a +0 leather armour
  1548 | D:3      | Identified a +0 club
  1553 | D:3      | Identified a +0 dagger
  1562 | D:3      | Reached skill level 4 in Unarmed Combat
  1577 | D:3      | Identified a +0 dagger
  1774 | D:3      | Identified a +0 club
  1776 | D:3      | Identified a +0 club
  1831 | D:3      | Reached skill level 3 in Fighting
  1844 | D:3      | Reached skill level 3 in Dodging
  1884 | D:3      | Identified a +0 dagger
  1934 | D:3      | Identified a +0 hand axe
  1934 | D:3      | Identified a +0 leather armour
  2144 | D:4      | Identified a +0 club
  2144 | D:4      | Identified a +0 robe
  2144 | D:4      | Identified a +0 spear
  2144 | D:4      | Identified a +0 halberd
  2144 | D:4      | Identified a +0 whip
  2144 | D:4      | Identified a +0 flail of protection
  2144 | D:4      | Identified a +0 spear
  2148 | D:3      | Reached XP level 5. HP: 53/53 MP: 4/4
  2188 | D:4      | Identified a +0 hand axe
  2188 | D:4      | Identified a +0 giant club
  2188 | D:4      | Noticed an ogre
  2198 | D:4      | Identified a cursed -3 mace
  2198 | D:4      | Identified a +0 whip
  2208 | D:4      | Identified a +0 war axe
  2283 | D:4      | Identified a +0 flail
  2283 | D:4      | Identified a +0 ring mail
  2338 | D:4      | Reached skill level 2 in Throwing
  2511 | D:4      | Identified a +0 flail
  2511 | D:4      | Identified a +0 robe
  2511 | D:4      | Identified a +2 dire flail of freezing
  2511 | D:4      | Identified a +0 robe
  2514 | D:4      | Identified a +0 battleaxe
  2514 | D:4      | Identified a +0 robe
  2530 | D:4      | Reached XP level 6. HP: 27/61 MP: 5/5
  2536 | D:4      | HP: 12/61 [wight/+2 dire flail of freezing (6)]
  2537 | D:4      | Slain by a wight

Table legend:
 A = Turns spent in this place as a percentage of turns spent in the entire game.
 B = Non-inter-level travel turns spent in this place as a percentage of non-inter-level travel turns spent in the entire game.
 C = Inter-level travel turns spent in this place as a percentage of turns spent in this place.
 D = Turns resting spent in this place as a percentage of non-inter-level travel turns spent in this place.
 E = Turns spent auto-exploring this place as a percentage of non-inter-level travel turns spent in this place.
 F = Non-inter-level travel turns spent in this place divided by the number of levels of this place that you've seen.
                   A       B       C       D       E      F
               +-------+-------+-------+-------+-------+----------------------
         Total | 100.0 | 100.0 |   3.9 |   4.0 |  73.6 | 609.8
       Dungeon | 100.0 | 100.0 |   3.9 |   4.0 |  73.6 | 609.8
               +-------+-------+-------+-------+-------+----------------------

Table legend:
 A = Kills in this place as a percentage of kills in entire the game.
 B = Kills by you in this place as a percentage of kills by you in the entire game.
 C = Kills by friends in this place as a percentage of kills by friends in the entire game.
 D = Other kills in this place as a percentage of other kills in the entire game.
 E = Experience gained in this place as a percentage of experience gained in the entire game.
 F = Experience gained in this place divided by the number of levels of this place that you have seen.
                   A       B       C       D       E      F
               +-------+-------+-------+-------+-------+----------------------
         Total | 100.0 | 100.0 |   N/A |   N/A | 100.0 | 103.2
       Dungeon | 100.0 | 100.0 |   N/A |   N/A | 100.0 | 103.2
               +-------+-------+-------+-------+-------+----------------------

Skill      XL: |  1  2  3  4  5 |
---------------+----------------+-----
Throwing       | 1 2 |  2.2
Unarmed Combat | 4 |  4.9
Fighting       | 3 |  3.3
Dodging        | 3 |  3.3
Stealth        | |  1.0

Action                   |  1- 3 |  4- 6 || total
-------------------------+-------+-------++-------
Melee: Unarmed           |    90 |    86 ||   176
       Punch             |       |     2 ||     2
Throw: Dart              |    67 |    22 ||    89
       Boomerang         |       |    47 ||    47
 Stab: Sleeping          |     1 |     1 ||     2
  Eat: Chunk             |    18 |    11 ||    29
Armor: Robe              |    40 |    17 ||    57
Dodge: Dodged            |    50 |    46 ||    96

Vanquished Creatures
  A wight (D:4)
  An orc priest (D:4)
  A gnoll shaman (D:4)
  5 gnolls
  5 adders
  An ooze (D:2)
  4 worms
  9 orcs
  9 bats
  3 giant cockroaches
  9 hobgoblins
  6 jackals
  7 kobolds
  3 quokkas (D:3)
  3 frilled lizards
  4 goblins
  5 rats
76 creatures vanquished.
